 Dungeon Crawl Stone Soup version 0.29.1-15-g9cfb28693d (webtiles) character file.

Game seed: 600032074611079093

130 Eitelfritz the Slasher (level 4, -2/55 HPs)
             Began as a Minotaur Gladiator on Apr 14, 2023.
             Slain by Sigmund
             ... wielding a +0 scythe
              (7 damage)
             ... on level 3 of the Dungeon.
             The game lasted 00:05:11 (2019 turns).

Eitelfritz the Slasher (Minotaur Gladiator)         Turns: 2019, Time: 00:05:12

Health: -2/55      AC: 22    Str: 18    XL:     4   Next: 90%
Magic:  3/3        EV:  2    Int:  7    God:
Gold:   65         SH:  0    Dex: 12    Spells: 3/3 levels left

rFire   . . .      SeeInvis .   a - +0 long sword
rCold   . . .      Faith    .   (no shield)
rNeg    + . .      Spirit   .   (body armour currently unavailable)
rPois   +          Reflect  .   (helmet currently unavailable)
rElec   .          Harm     .   (cloak currently unavailable)
rCorr   .          Rampage  .   (gloves currently unavailable)
Will    .....      NoTele   +   (boots currently unavailable)
Stlth   +.........              (no amulet)
HPRegen 0.18/turn               w - ring of positive energy
MPRegen 0.08/turn               (no ring)

@: tree-form
A: stationary, stasis, torment immunity, boosted hp, (horns 2), (retaliatory
headbutt)
a: no special abilities


You were on level 3 of the Dungeon.
You were a tree.
You visited 1 branch of the dungeon, and saw 3 of its levels.

You collected 65 gold pieces.

Inventory:

Hand Weapons
 a - a +0 long sword (weapon)
 b - a +0 sling
 s - a +0 flail
Missiles
 d - a throwing net (quivered)
 e - a javelin
 i - 4 boomerangs
 k - 2 poisoned darts
 u - 6 atropa-tipped darts
Armour
 c - a +0 hat (melded)
 n - a +0 ring mail (melded)
Jewellery
 w - a ring of positive energy (left branch)
Scrolls
 f - a scroll of vulnerability {unknown}
 g - a scroll of brand weapon {unknown}
 l - 2 scrolls of identify {unknown}
 p - a scroll of enchant weapon {unknown}
 t - a scroll of acquirement {unknown}
 v - a scroll of noise {unknown}
Potions
 j - a potion of lignification
 o - a potion of brilliance {unknown}
 q - a potion of cancellation {unknown}
 r - a potion of degeneration {unknown}


   Skills:
 + Level 2.8 Fighting
 + Level 5.2 Long Blades
 + Level 1.9 Ranged Weapons
 + Level 2.2 Throwing
 + Level 1.7 Armour
 + Level 3.7 Dodging
 + Level 0.2 Stealth


You had 3 spell levels left.
You didn't know any spells.
Your spell library contained the following spells:

 Spells                   Type           Power      Damage    Failure   Level
 Ensorcelled Hibernation  Hex/Ice        0%         N/A       56%         2
 Passwall                 Tmut/Erth      0%         N/A       56%         2
 Call Canine Familiar     Summ           0%         N/A       80%         3
 Portal Projectile        Hex/Tloc       0%         N/A       80%         3
 Swiftness                Air            0%         N/A       80%         3
 Leda's Liquefaction      Hex/Erth       0%         N/A       99%         4


Dungeon Overview and Level Annotations

Branches:
Dungeon (3/15)

Altars:
Cheibriados

Annotations:
D:3 Sigmund


Innate Abilities, Weirdness & Mutations

You are a tree.
Your roots penetrate the ground, keeping you stationary.
You cannot be teleported.
You are immune to unholy pain and torment.
Your maximum health is greatly increased.
Your equipment is partially melded.
((You have a pair of horns on your head.))
((You reflexively headbutt those who attack you in melee.))


Message History

You cannot move.
a - a +0 long sword (weapon)
You cannot move.
b - a +0 sling (weapon)
Something hits you but does no damage.
You cannot move.
a - a +0 long sword (weapon)
You cannot move.
b - a +0 sling (weapon)
You cannot move.
a - a +0 long sword (weapon)
Something hits you!
* * * LOW HITPOINT WARNING * * *
You cannot move.
It was a potion of flight.
Your roots keep you in place.
It was a potion of curing.
You feel better. Something hits you but does no damage.
b - a +0 sling (weapon)
You cannot move.
a - a +0 long sword (weapon)
Something hits you but does no damage.
You cannot move.
b - a +0 sling (weapon)
You cannot move.
a - a +0 long sword (weapon)
You barely miss something. Something hits you.
* * * LOW HITPOINT WARNING * * *
You miss something. Something hits you.
* * * LOW HITPOINT WARNING * * *
You hit something but do no damage.
You hear some strange, mumbled words.
A magic dart appears from out of thin air!
The magic dart hits you but does no damage.
You completely miss something.
You hear some strange, mumbled words.
A magic dart appears from out of thin air!
The magic dart hits you.
* * * LOW HITPOINT WARNING * * *
You closely miss something. Something hits you!
You die...

...........## >#
.#######...# ########.#
.#######...# #........#
.##........## #........#
.##.........####........#
.##..####...............#
.##..#.......##...[.....#
.##..#._....(###........#
.....#.......# #♣....>..#
.............# #{.......#
............## #........#
###..........# #(.......#
#..........# ##########
#....<.....# #..........#
#..........# ##........##


There were no monsters in sight!

Vanquished Creatures
  An orc wizard (D:3)
  A gnoll (D:1)
  3 adders
  A dart slug (D:2)
  7 orcs
  7 ball pythons
  5 endoplasms
  A giant cockroach (D:1)
  5 goblins
  5 hobgoblins
  6 jackals (D:1)
  4 kobolds
  2 quokkas (D:2)
  A bat (D:1)
  2 frilled lizards
  4 rats
55 creatures vanquished.

Notes
Turn   | Place    | Note
-------+----------+-------------------------------------------
     0 | D:1      | Eitelfritz the Minotaur Gladiator began the quest for the
                  | Orb.
     0 | D:1      | Reached XP level 1. HP: 18/18 MP: 0/0
   214 | D:1      | Reached skill level 4 in Long Blades
   343 | D:1      | Reached XP level 2. HP: 25/25 MP: 1/1
   514 | D:1      | Reached XP level 3. HP: 30/30 MP: 2/2
   932 | D:2      | Reached skill level 5 in Long Blades
  1269 | D:2      | Reached skill level 1 in Armour
  1422 | D:2      | Reached XP level 4. HP: 36/37 MP: 3/3
  1547 | D:3      | Found a snail-covered altar of Cheibriados.
  1666 | D:3      | Reached skill level 1 in Ranged Weapons
  1780 | D:3      | Found a faded altar of an unknown god.
  1976 | D:3      | Noticed Sigmund
  2008 | D:3      | HP: 2/55 [something (9)]
  2019 | D:3      | Slain by Sigmund

Illustrated notes

Levels and vault maps discovered:
D:1:      eino_arrival_druids_welcome, layout_basic, grunt_decor_fettered
D:2:      layout_loops_ring, hangedman_decor_lopped
D:3:      layout_rooms, fedhas_ov_isle_minmay, mainiacjoe_overflow_chevrons,
          hellmonk_ecumenical_altar_blasted, st_stairs_8, due_unseen_surprise,
          uniq_terence, uniq_ijyb, uniq_sigmund

Skill      XL: |  1  2  3  4 |
---------------+-------------+-----
Long Blades    | 4 5 |  5.2
Armour         | 1 |  1.7
Ranged Weapons | 1 |  1.9
Fighting       | |  2.8
Throwing       | |  2.2
Dodging        | |  3.7
Stealth        | |  0.2

Action                   |  1- 3 |  4- 6 || total
-------------------------+-------+-------++-------
Melee: Long sword        |    57 |    54 ||   111
       Headbutt          |     9 |     5 ||    14
 Fire: Sling             |    12 |    29 ||    41
Throw: Throwing net      |       |     2 ||     2
  Use: Potion            |       |     3 ||     3
Armor: Leather armour    |     3 |       ||     3
       Ring mail         |    21 |     8 ||    29
       Skin              |       |     7 ||     7
Dodge: Dodged            |    41 |    33 ||    74
